AoeStats
← zyn

Arabia

503362866Analyzed
4v4 RM · 1mo ago on Aug 31, 2026· 49m 24s· 8 players
Game mode
Random Map
Map size
Large (8 player)
Population
200
Speed
Normal
Resources
Standard
Victory
Conquest
Starting age
Dark Age
Ending age
Imperial Age
RankedLock teamsTeams togetherTeam positionsShared explorationLock speedFull tech treeHidden civsTurbo modeCheats
Victory
Defeat
🇨🇳 Romans · China
1332
+4
🇨🇳 Huns · China
1099
+12
🇨🇳 Saracens · China
972
+18
🇨🇳 Franks · China
802
+24
🇹🇼 Britons · Taiwan
1075
-17
🇪🇪 Goths · Estonia
999
-39
988
-13
🇨🇳 Khmer · China
968
-12
喧哗的都已沙哑
2:35 Loom
6:14 Double-Bit Axe
13:51 Feudal Age
13:15 Gold Mining
15:36 Gold Shaft Mining
15:15 Bow Saw
15:02 Horse Collar
17:50 Castle Age
18:35 Forging
18:31 Scale Barding Armor
18:33 Husbandry
17:54 Cavalier
19:54 Iron Casting
21:40 Chain Barding Armor
23:27 Two-Man Saw
23:54 Wheelbarrow
28:05 Hand Cart
32:21 Stone Mining
36:20 Imperial Age
37:31 Paladin
38:59 Plate Barding Armor
39:25 Blast Furnace
39:16 Conscription
40:39 Chemistry
39:36 Murder Holes
39:53 Masonry
zyn
13:23 Feudal Age
15:01 Horse Collar
15:09 Double-Bit Axe
22:28 Wheelbarrow
32:32 Gold Mining
37:18 Castle Age
36:14 Scale Barding Armor
38:16 Hand Cart
38:40 Heavy Plow
38:05 Man-at-Arms
38:46 Squires
38:11 Light Cavalry
38:56 Loom
38:59 Town Watch
38:58 Crossbowman
47:03 Husbandry
46:32 Pikeman
國父孫中山
7:24 Loom
12:10 Feudal Age
17:59 Fletching
20:55 Double-Bit Axe
25:33 Castle Age
33:42 Wheelbarrow
36:22 Horse Collar
43:53 Bow Saw
43:48 Town Watch
45:12 Hand Cart
45:59 Heavy Plow
Eleven
4:50 Loom
12:45 Feudal Age
39:22 Double-Bit Axe
帝国的铁汉
2:37 Loom
12:53 Feudal Age
12:18 Loom
13:00 Man-at-Arms
14:29 Scale Mail Armor
17:08 Castle Age
15:32 Double-Bit Axe
15:40 Horse Collar
17:24 Gold Mining
27:24 Wheelbarrow
27:19 Redemption
31:08 Hand Cart
31:16 Town Watch
32:38 Gold Shaft Mining
31:56 Stone Mining
32:24 Bow Saw
32:43 Heavy Plow
35:05 Pikeman
35:45 Squires
36:11 Chain Mail Armor
36:06 Forging
36:01 Long Swordsman
39:25 Imperial Age
37:19 Ballistas
40:15 Iron Casting
39:31 Legionary
39:50 Capped Ram
40:02 Halberdier
41:11 Conscription
40:24 Legionary
40:56 Siege Ram
43:28 Blast Furnace
浩
10:46 Feudal Age
12:31 Loom
17:50 Castle Age
26:23 Bloodlines
29:35 Forging
30:17 Scale Barding Armor
40:24 Wheelbarrow
40:40 Iron Casting
40:27 Chain Barding Armor
44:58 Imperial Age
42:33 Gold Mining
42:35 Stone Mining
45:10 Elite Mameluke
46:28 Conscription
47:11 Heavy Camel Rider
50:28 Gold Shaft Mining
我就不睡
9:23 Feudal Age
7:54 Loom
11:38 Scale Barding Armor
19:34 Fletching
19:53 Padded Archer Armor
21:04 Double-Bit Axe
21:04 Horse Collar
23:33 Castle Age
21:45 Gold Mining
23:32 Fletching
精神老头
11:17 Feudal Age
11:10 Loom
19:40 Town Watch
20:34 Wheelbarrow
20:59 Forging
21:37 Scale Barding Armor
28:11 Castle Age
29:03 Husbandry
29:42 Iron Casting
30:48 Pikeman
31:58 Chain Barding Armor
32:31 Squires
32:22 Gambesons
33:39 Town Patrol
35:48 Arson
37:37 Hand Cart
39:46 Stone Mining
41:27 Scale Mail Armor
42:01 Double-Bit Axe
42:11 Gold Mining
Connection lost

Rejoining the realm…

Still unreachable

The connection could not be restored.

Session expired

The server has moved on; the page needs a fresh start.